 Dungeon Crawl Stone Soup version 0.31-a0-1603-gbec6b6ccbf (webtiles) character file.

Game seed: 12302031697574375242

7695 Curundu the Severer (level 11, -4/82 HPs)
             Began as a Minotaur Berserker on Jan 7, 2024.
             Was an Elder of Trog.
             Slain by a yak (9 damage)
             ... on level 9 of the Dungeon.
             The game lasted 00:32:31 (8425 turns).

Curundu the Severer (Minotaur Berserker)            Turns: 8425, Time: 00:32:32

Health: -4/82      AC: 17    Str: 26    XL:     11   Next: 0%
Magic:  10/10      EV:  7    Int:  7    God:    Trog [****..]
Gold:   1213       SH:  5    Dex: 10    Spells: 10/10 levels left

rFire   . . .        n - +2 war axe (freeze)
rCold   . . .        h - +0 buckler
rNeg    . . .        c - +2 plate armour
rPois   .            H - +0 hat {Int+3}
rElec   .            d - +0 cloak
rCorr   .            e - +0 pair of gloves
SInv    +            (no boots)
Will    .....        (no amulet) Stlth
                     f - ring of see invisible
HPRegen 0.33/turn    (no ring)
MPRegen 0.12/turn

%: no passive effects
@: on berserk cooldown, slowed, very slow
A: horns 2, retaliatory headbutt
a: Renounce Religion, Berserk, Trog's Hand, Brothers in Arms


You were on level 9 of the Dungeon.
You worshipped Trog.
Trog was greatly pleased with you.
You visited 1 branch of the dungeon, and saw 9 of its levels.
You also visited: Sewer.

You collected 1269 gold pieces.
You spent 56 gold pieces at shops.

Inventory:

Hand Weapons
 n - a +2 war axe of freezing (weapon)
Missiles
 k - 2 silver javelins
 w - 8 boomerangs
 x - 8 poisoned darts
Armour
 c - a +2 plate armour (worn)
 d - a +0 cloak (worn)
 e - a +0 pair of gloves (worn)
 h - a +0 buckler (worn)
 H - a +0 hat of intelligence (worn)
Jewellery
 f - a ring of see invisible (left hand)
 B - a ring of magical power
Wands
 m - a wand of roots (18)
 t - a wand of light (8) (quivered)
 F - a wand of charming (13)
Scrolls
 p - 2 scrolls of blinking
 v - a scroll of fog
 y - 3 scrolls of teleportation
 C - 2 scrolls of revelation
 D - a scroll of identify
 E - a scroll of enchant armour
Potions
 a - 5 potions of curing
 b - a potion of berserk rage
 g - a potion of ambrosia {unknown}
 i - a potion of enlightenment
 j - 3 potions of magic
 l - 3 potions of invisibility
 o - 2 potions of resistance {unknown}
 q - 3 potions of might {unknown}
 r - 2 potions of attraction {unknown}
 s - 3 potions of brilliance {unknown}
 u - 4 potions of mutation {unknown}
 z - 3 potions of haste {unknown}
 A - 2 potions of heal wounds {unknown}
 G - a potion of lignification {unknown}


   Skills:
 - Level 3.6 Fighting
 - Level 18.1 Axes
 + Level 6.5 Armour
 - Level 2.1 Dodging
 + Level 5.9 Shields


You had 10 spell levels left.
You didn't know any spells.
Your spell library was empty.

Dungeon Overview and Level Annotations

Branches:
Dungeon (9/15)             Temple (0/1) D:4           Sewer (visited)
   Lair: D:8-11         Orc: D:9-12

Altars:
Elyvilon
Kikubaaqudgha
Okawaru
Ru
Trog
Xom
Zin

Shops:
D:2 **:?


Innate Abilities, Weirdness & Mutations

You have a pair of horns on your head.
You reflexively headbutt those who attack you in melee.


Message History

You barely miss the yak. The yak gores you!
* * * LOW HITPOINT WARNING * * *
You barely miss the yak. The yak gores you but does no damage.
You closely miss the yak. The yak completely misses you.
You furiously retaliate!
You headbutt the yak. You slash the yak! You freeze the yak.
The yak is moderately wounded.
The yak gores you but does no damage.
You slash the yak! You freeze the yak. You headbutt the yak!
You kill the yak!
Trog accepts your kill.
You start resting.
A yak is nearby!
A yak is nearby!
A yak comes into view.
The yak gores you!
* * * LOW HITPOINT WARNING * * *
The yak moves out of view.
You hit the yak but do no damage. You block the yak's attack.
A yak comes into view.
You closely miss the yak.
The yak bellows!
The yak closely misses you. You furiously retaliate!
You headbutt the yak! You slash the yak! You freeze the yak.
You kill the yak!
Trog accepts your kill. The yak gores you but does no damage.
The yak closely misses you. You furiously retaliate!
You headbutt the yak! You slice the yak!! You freeze the yak!
You kill the yak!
Trog accepts your kill.
You have reached level 11!
You slash the yak! You freeze the yak.
The yak is moderately wounded.
The yak gores you!
* * * LOW HITPOINT WARNING * * *
You hit the yak but do no damage.
The yak is moderately wounded.
The yak gores you!
You die...

. .. ######## .$.#####
###.Y@...## ...$...##
#...###...###
...###..####.###~~...~~#
.....Y.YY....###~..♣..~##
...#.Y#######.#.........##
#....#__.kg#....♣._.♣...####
#....#.....#.#.............#####
#...Y#.._>.#..#~..♣..~####.....#
#..Y.#.....####~~...~~########..


You could see a yak.

Vanquished Creatures
  Gastronok (D:8)
  A manticore (D:7)
  Joseph (D:8)
  Psyche (D:8)
  2 wyverns (D:8)
  A wraith (D:8)
  13 yaks (D:9)
  A steam dragon (D:8)
  Menkaure (D:5)
  Duvessa (D:5)
  A water moccasin (D:9)
  3 sky beasts
  3 ice beasts
  4 centaurs
  2 ogres
  3 kobold brigands
  2 scorpions
  5 wights (D:8)
  Dowan (D:5)
  6 killer bees
  5 howler monkeys
  The ghost of innerfire43 the Shield-Bearer, a weakling DsWn of Nemelex Xobeh (D:3)
  7 hounds
  A jelly (D:6)
  3 orc priests (D:7)
  2 iguanas
  2 orc wizards
  12 adders
  4 river rats (Sewer)
  2 shadow imps
  A white imp (D:8)
  3 dart slugs
  2 ribbon worms
  32 orcs
  5 bats
  10 endoplasms
  3 giant cockroaches
  3 goblins
  9 hobgoblins
  4 quokkas
  11 ball pythons
  3 frilled lizards
  32 kobolds
  26 rats
236 creatures vanquished.

Vanquished Creatures (others)
  A ball python (D:3)
1 creature vanquished.

Grand Total: 237 creatures vanquished

Notes
Turn   | Place    | Note
-------+----------+-------------------------------------------
     0 | D:1      | Curundu the Minotaur Berserker began the quest for the Orb.
     0 | D:1      | Reached XP level 1. HP: 19/19 MP: 0/0
    95 | D:1      | Reached skill level 4 in Axes
   118 | D:1      | Reached XP level 2. HP: 26/26 MP: 1/1
   643 | D:1      | Reached skill level 5 in Axes
   659 | D:2      | Reached XP level 3. HP: 13/31 MP: 2/2
   810 | D:2      | Found Elukeh's Magic Scroll Emporium.
   824 | D:2      | Bought a scroll of identify for 28 gold pieces
   824 | D:2      | Bought a scroll of identify for 28 gold pieces
   862 | D:2      | Reached ** piety under Trog
  1125 | D:2      | Found Biyxof's General Store.
  1206 | D:2      | Found Resum's Assorted Antiques.
  1259 | D:2      | Found Asuoj's Book Shoppe.
  1709 | D:3      | Found an ancient bone altar of Kikubaaqudgha.
  1735 | D:3      | Found a runed translucent door.
  1735 | D:3      | Noticed innerfire43's ghost (weakling DsWn)
  1777 | D:3      | Reached XP level 4. HP: 39/39 MP: 3/3
  1786 | D:3      | Reached skill level 6 in Axes
  2179 | D:3      | Found a runed translucent door.
  2271 | D:3      | Found a faded altar of an unknown god.
  2488 | D:3      | Reached skill level 7 in Axes
  2488 | D:3      | Reached XP level 5. HP: 42/45 MP: 4/4
  2493 | D:3      | Killed innerfire43's ghost
  2759 | D:4      | Reached skill level 8 in Axes
  2773 | D:4      | Reached XP level 6. HP: 51/51 MP: 5/5
  2809 | D:4      | Found a glowing silver altar of Zin.
  2869 | D:4      | Found a staircase to the Ecumenical Temple.
  3061 | D:4      | Found a bloodstained altar of Trog.
  3116 | D:5      | Entered Level 5 of the Dungeon
  3258 | D:5      | Noticed Menkaure
  3266 | D:5      | Killed Menkaure
  3267 | D:5      | Reached skill level 9 in Axes
  3389 | D:5      | Noticed Dowan
  3391 | D:5      | Noticed Duvessa
  3400 | D:5      | Killed Duvessa
  3401 | D:5      | Reached XP level 7. HP: 54/57 MP: 6/6
  3402 | D:5      | Killed Dowan
  3403 | D:5      | Reached skill level 10 in Axes
  3453 | D:5      | Reached *** piety under Trog
  3604 | D:5      | Found a glowing drain.
  3609 | Sewer    | Entered a sewer
  3856 | Sewer    | Reached **** piety under Trog
  4391 | D:5      | Reached skill level 11 in Axes
  4524 | D:5      | Reached XP level 8. HP: 49/64 MP: 7/7
  4526 | D:5      | Reached skill level 12 in Axes
  4901 | D:6      | Reached skill level 13 in Axes
  5310 | D:6      | Identified a scroll of acquirement
  5310 | D:6      | Acquired 694 gold pieces
  5426 | D:7      | Noticed a manticore
  5434 | D:7      | Killed a manticore
  5435 | D:7      | Reached skill level 14 in Axes
  5435 | D:7      | Reached XP level 9. HP: 43/70 MP: 8/8
  5782 | D:7      | Found a sacrificial altar of Ru.
  5784 | D:7      | Found an iron altar of Okawaru.
  6187 | D:7      | Reached skill level 15 in Axes
  6821 | D:8      | Noticed Psyche
  6828 | D:8      | Killed Psyche
  6829 | D:8      | Reached skill level 16 in Axes
  6834 | D:8      | Reached ***** piety under Trog
  7183 | D:8      | Noticed Gastronok
  7216 | D:8      | Killed Gastronok
  7217 | D:8      | Reached skill level 17 in Axes
  7217 | D:8      | Reached XP level 10. HP: 27/77 MP: 9/9
  7400 | D:8      | Noticed Joseph
  7419 | D:8      | Killed Joseph
  7420 | D:8      | Reached skill level 18 in Axes
  7541 | D:8      | Reached skill level 1 in Shields
  8317 | D:9      | Found a white marble altar of Elyvilon.
  8332 | D:9      | Found a shimmering altar of Xom.
  8334 | D:9      | Found a shimmering altar of Xom.
  8335 | D:9      | Found a shimmering altar of Xom.
  8336 | D:9      | Found a shimmering altar of Xom.
  8388 | D:9      | Reached skill level 5 in Armour
  8398 | D:9      | Reached skill level 5 in Shields
  8424 | D:9      | Reached XP level 11. HP: 15/82 MP: 10/10
  8425 | D:9      | Slain by a yak

Illustrated notes

Levels and vault maps discovered:
D:1:      evilmike_arrival_fibonacci_small, layout_rooms
D:2:      layout_loops_ring, serial_shops, shop, nicolae_shop_hallway_stairs,
          nicolae_shop_tiny_statue_garden, shop, minmay_misc_feat_alley
D:3:      layout_basic, mainiacjoe_overflow_cross_hatched,
          hellmonk_ecumenical_altar_leap_of_faith, ebering_ghost_sewer_f,
          grunt_decor_arrowhead, hangedman_feature_mirror
D:4:      layout_rooms, lightli_temple_of_fire, lemuel_round_altar,
          minmay_temple_entry_sparse_star, grunt_ministairs_13
D:5:      layout_loops_cross, gup_sewer_entry_bowl, uniq_menkaure, uniq_duvessa
D:6:      layout_cave_pools, serial_column_ruins, column_ruins_square_huge,
          column_ruins_hut_pillars, column_ruins_open_tiny,
          column_ruins_columns_corner, column_ruins_open_small,
          column_ruins_open_tiny, column_ruins_grid_1, nrook_uturn,
          hangedman_abyss_or_decor_slice
D:7:      layout_loops_corners, grunt_temple_overflow_open,
          hangedman_abyss_or_decor_lesser_grid, corexii_corridor_pit
D:8:      layout_gridville, hex_medium, minmay_misc_feat_plants, wad_dig_loot,
          uniq_gastronok, uniq_psyche, uniq_joseph
D:9:      layout_rooms, elyvilon_altar_4, xom_shifter_show, minmay_nine_imps

Skill      XL: |  1  2  3  4  5  6  7  8  9 10 |
---------------+-------------------------------+-----
Axes           | 4 5 7 8 9 11 14 17 18 | 18.1
Shields        | 5 |  5.9
Armour         | 6 |  6.5
Fighting       | |  3.6
Dodging        | |  2.1

Action                     |  1- 3 |  4- 6 |  7- 9 | 10-12 || total
---------------------------+-------+-------+-------+-------++-------
  Melee: Hand axe          |    82 |    21 |       |       ||   103
         Headbutt          |    22 |    13 |    38 |    15 ||    88
         War axe           |       |    85 |   251 |    81 ||   417
 Invoke: Trog's Hand       |       |     1 |     4 |     1 ||     6
         Berserk           |       |     1 |     2 |     2 ||     5
  Evoke: Wand              |       |       |     5 |       ||     5
    Use: Scroll            |     4 |     3 |     9 |     2 ||    18
 Armour: Plate armour      |    67 |    87 |   250 |    68 ||   472
  Dodge: Dodged            |    31 |    25 |    62 |    19 ||   137
  Block: Buckler           |     3 |    12 |    41 |     7 ||    63

Table legend: (Time is in decaauts)
 A = Elapsed time spent in this place.
 B = Non-inter-level travel time spent in this place.
 C = Inter-level travel time spent in this place.
 D = Time resting spent in this place.
 E = Time spent auto-exploring this place.
 F = Levels seen in this place.
 G = Mean time per level.
                   A        B        C        D        E       F      G
               +--------+--------+--------+--------+--------+-----+--------+
         Total |   8465 |   8465 |      0 |    690 |   5585 |  10 |  846.5 |
       Dungeon |   7887 |   7887 |      0 |    690 |   5210 |   9 |  876.3 |
         Sewer |    577 |    577 |      0 |      0 |    375 |   1 |  577.0 |
               +--------+--------+--------+--------+--------+-----+--------+

Top non-repeatable levels by time:
     D:8: 1555 daAuts
     D:7: 1345 daAuts
     D:3: 985 daAuts
     D:2: 967 daAuts
     D:5: 907 daAuts
     D:6: 763 daAuts
     D:1: 647 daAuts
   Sewer: 577 daAuts
     D:4: 534 daAuts
     D:9: 181 daAuts
